 Dungeon Crawl Stone Soup version 0.18-a0-1495-gc91f3eb (webtiles) character file.

1792 CulBaka the Thaumaturge (level 8, 0/54 HPs)
             Began as a Spriggan Enchanter on Feb 23, 2016.
             Slain by a killer bee (4 damage)
             ... on level 7 of the Dungeon.
             The game lasted 00:58:35 (7386 turns).

CulBaka the Thaumaturge (Spriggan Enchanter)        Turns: 7386, Time: 00:58:37

Health: 0/54       AC: 24    Str:  6    XL:     8   Next: 82%
Magic:  11/23      EV:  4    Int: 21    God:
Gold:   249        SH:  0    Dex: 17    Spells: 5 memorised, 15 levels left

rFire  + . .     SeeInvis +     a - +2 dagger
rCold  + + +     Gourm    .     (armour currently unavailable)
rNeg   + + +     Faith    .     (shield restricted)
rPois  +         Spirit   .     (helmet currently unavailable)
rElec  +         Dismiss  .     (cloak currently unavailable)
rCorr  +         Reflect  .     (gloves unavailable)
SustAt .         Harm     .     (boots unavailable)
MR     +....     NoTele   +     (no amulet)
Stlth  ++++++....               x - ring of protection from cold
                                t - ring of protection from cold

@: brilliant, lethally poisoned (0 -> -5), tree-form, resistant, very slightly
contaminated, hasted, very quick, somewhat resistant to hostile enchantments,
very stealthy
A: unfitting armour, see invisible, herbivore 3, (speed 0), slow metabolism 2
a: no special abilities


You were on level 7 of the Dungeon.
You were very hungry.
You were a tree.
You visited 2 branches of the dungeon, and saw 8 of its levels.

You collected 249 gold pieces.

Inventory:

Hand Weapons
 a - a +2 dagger (weapon)
Missiles
 q - 3 tomahawks (quivered)
Armour
 f - a +0 cloak (melded)
 y - a +0 robe of fire resistance (melded)
 F - a +1 robe
Magical Staves
 b - an uncursed staff of cold
Jewellery
 t - a ring of protection from cold (left branch)
 w - an uncursed amulet of faith
 x - a ring of protection from cold (right branch)
Wands
 r - a wand of paralysis (5/24)
 u - a wand of slowing (10/48)
 D - a wand of slowing (11/48)
Scrolls
 e - 2 scrolls of magic mapping
 h - a scroll of fog
 j - a scroll of noise {unknown}
 n - 4 scrolls of remove curse
 o - 6 scrolls of identify {unknown}
 A - 2 scrolls of recharging {unknown}
 E - a scroll of enchant armour {unknown}
Potions
 k - a potion of cure mutation {unknown}
 l - 3 potions of lignification
 m - 2 potions of flight
 p - a potion of brilliance
 s - a potion of cancellation {unknown}
 v - a potion of curing {unknown}
 z - a potion of beneficial mutation {unknown}
 B - a potion of invisibility {unknown}
 C - a potion of resistance
Books
 c - a book of Maledictions

   Spells                             Type                      Level
   a - Corona                         Hexes                        1
   b - Ensorcelled Hibernation        Hexes/Ice                    2
   c - Confuse                        Hexes                        3
   d - Tukima's Dance                 Hexes                        3
   e - Dazzling Spray                 Conjuration/Hexes            3
 g - a book of the Earth

   Spells                             Type                      Level
   a - Leda's Liquefaction            Hexes/Earth                  4
   b - Bolt of Magma                  Conjuration/Fire/Earth       5
   c - Statue Form                    Transmutation/Earth          6
   d - Iron Shot                      Conjuration/Earth            6
   e - Shatter                        Earth                        9
Comestibles
 d - 6 bread rations


   Skills:
 * Level 2.5 Short Blades
 + Level 4.8 Dodging
 + Level 7.4 Stealth
 - Level 10.4 Spellcasting
 * Level 7.6 Hexes
 + Level 0.2 Ice Magic


You had 15 spell levels left.
You knew the following spells:

 Your Spells              Type           Power        Failure   Level  Hunger
a - Corona                Hex            ######.      1%          1    None
b - Ensorcelled Hibernat  Hex/Ice        #####.       1%          2    None
c - Confuse               Hex            ######..     1%          3    None
d - Tukima's Dance        Hex            ######..     1%          3    None
e - Dazzling Spray        Conj/Hex       #####...     1%          3    None


Dungeon Overview and Level Annotations

Branches:
Dungeon (7/15)             Temple (1/1) D:5

Altars:
Ashenzari
Cheibriados
Dithmenos
Elyvilon
Fedhas
Gozag
Nemelex Xobeh
Pakellas
Qazlal
Ru
Sif Muna
Trog
Ukayaw
Vehumet
Xom
Yredelemnul
Zin
The Shining One

Shops:
D:5 %


Innate Abilities, Weirdness & Mutations

You are tiny and cannot use many weapons and most armour.
You have supernaturally acute eyesight.
You are an herbivore.
((You cover ground extremely quickly.))
You need consume almost no food.


Message History

Drink which item? (? for menu, Esc to quit)
It was a potion of brilliance.
You feel clever all of a sudden.
The killer bee stings you but does no damage. x6
Drink which item? (? for menu, Esc to quit)
It was a potion of resistance.
You feel protected.
* * * LOW HITPOINT WARNING * * *
You feel sick.
The killer bee stings you but does no damage. x3
The killer bee barely misses you.
The killer bee stings you but does no damage. x2
Drink which item? (? for menu, Esc to quit)
It was a potion of haste.
You feel yourself speed up.
You are feeling very hungry.
* * * LOW HITPOINT WARNING * * *
You feel sick.
The killer bee stings you but does no damage. x3
The killer bee barely misses you. The killer bee stings you.
You die...

*,,..,,* #........ ***##..#*
##....... ***≈##.|.##
#......# *⌠_,+.....##
#..##### *⌠_,+......##*##
#....... ***≈*#......##.#
#....... *****
***##.....#.#*##.......
*,,,**#####...y....#
#......##
*,,,,,.......♣y....###......#
*,,,,,.#######y.............#
*,,,,,,,** #####†.........#
*,,,,,,,,* ###.......##
*,,,,,,,,** #......##
*,,,,,,,,,* #.....##
*,,,,,,,,,* #....##
*,,,,,,,,,** ##...#
*,,,,,,,,,,* #...##


You could see 3 killer bees.

Vanquished Creatures
  3 hippogriffs (D:7)
  An ice beast (D:6)
  A phantom (D:4)
  An ogre (D:4)
  A centaur (D:7)
  The ghost of phyphor the Chopper, an amateur GrFi (D:4)
  A water moccasin zombie (D:6)
  The ghost of thelaststarmaker the Shield-Bearer, a weakling HOFi (D:3)
  A killer bee (D:7)
  2 crimson imps
  2 hounds
  A centaur skeleton (D:6)
  An orc priest (D:3)
  A quasit (D:5)
  A jelly (D:5)
  An orc wizard (D:2)
  3 iguanas
  4 worker ants
  4 gnolls (D:4)
  10 adders
  A shadow imp (D:5)
  2 adder zombies (D:5)
  3 worms
  2 dart slugs
  3 giant geckos
  8 orcs
  5 bats
  4 giant cockroaches
  8 goblins
  7 hobgoblins
  10 jackals
  3 quokkas
  2 ball pythons
  A giant gecko skeleton (D:7)
  A giant gecko zombie (D:6)
  9 giant newts
  7 kobolds
  A quokka zombie (D:5)
  7 rats
  A butterfly (D:5)
126 creatures vanquished.

Vanquished Creatures (collateral kills)
  An ogre (D:6)
  5 wights (D:6)
  A quokka zombie (D:6)
7 creatures vanquished.

Grand Total: 133 creatures vanquished

Notes
Turn   | Place    | Note
--------------------------------------------------------------
     0 | D:1      | CulBaka the Spriggan Enchanter began the quest for the Orb.
     0 | D:1      | Reached XP level 1. HP: 9/9 MP: 5/5
   165 | D:1      | Reached skill level 3 in Spellcasting
   369 | D:1      | Reached XP level 2. HP: 13/13 MP: 5/7
   373 | D:1      | Learned a level 2 spell: Ensorcelled Hibernation
   810 | D:1      | Reached skill level 5 in Stealth
   845 | D:1      | Reached XP level 3. HP: 8/16 MP: 5/8
  1160 | D:2      | Found a faded altar to an unknown god.
  1420 | D:2      | Reached XP level 4. HP: 17/21 MP: 8/10
  1464 | D:2      | Reached skill level 4 in Spellcasting
  1921 | D:2      | Found a deep blue altar of Sif Muna.
  2304 | D:2      | Reached skill level 5 in Spellcasting
  2366 | D:3      | Learned a level 3 spell: Confuse
  2372 | D:3      | Reached XP level 5. HP: 19/24 MP: 8/13
  2761 | D:3      | Noticed thelaststarmaker's ghost (weakling HOFi)
  2831 | D:3      | Killed thelaststarmaker's ghost
  2902 | D:3      | Reached skill level 6 in Spellcasting
  2932 | D:3      | Found a hide-covered altar to Ukayaw.
  3231 | D:3      | Found a white marble altar of Elyvilon.
  3376 | D:3      | Found a basalt altar of Yredelemnul.
  3553 | D:4      | Found an opulent altar of Gozag.
  3602 | D:4      | Noticed an ogre
  3604 | D:4      | Killed an ogre
  3604 | D:4      | Reached XP level 6. HP: 28/28 MP: 16/16
  3624 | D:4      | Noticed phyphor's ghost (amateur GrFi)
  3638 | D:4      | Killed phyphor's ghost
  3638 | D:4      | Reached skill level 7 in Spellcasting
  3660 | D:4      | Learned a level 3 spell: Tukima's Dance
  3664 | D:4      | Learned a level 3 spell: Dazzling Spray
  3748 | D:4      | Found a snail-covered altar of Cheibriados.
  3848 | D:4      | Reached XP level 7. HP: 32/32 MP: 13/18
  4413 | D:5      | Entered Level 5 of the Dungeon
  4491 | D:5      | Found Loffaewi's Food Boutique.
  4532 | D:5      | Reached skill level 5 in Hexes
  4736 | D:5      | Found a staircase to the Ecumenical Temple.
  4743 | Temple   | Entered the Ecumenical Temple
  5250 | D:6      | Reached skill level 8 in Spellcasting
  5951 | D:6      | Reached XP level 8. HP: 33/36 MP: 12/21
  5993 | D:6      | Reached skill level 9 in Spellcasting
  6452 | D:6      | Found a glowing golden altar of the Shining One.
  6885 | D:7      | Reached skill level 10 in Spellcasting
  7386 | D:7      | Slain by a killer bee

Vault maps used:
D:1:      dpeg_arrival_boxorama
D:2:      lemuel_blue_sif_altar, ecumenical_altar_2
D:3:      kennysheep_ying_yang, lemuel_doored_altar, first_bread
D:4:      old_standard_altar, cheibriados_altar_1
D:5:      minmay_temple_entry_butterflies, serial_shops,
          nicolae_shop_window_shopping, hangedman_abyss_or_decor_lesser_grid,
          hex_tiny
D:6:      basic_altar
D:7:      old_standard_altar, gammafunk_temple_overflow_wave
Temple:   triangle_lava_temple_12

Skill      XL: |  1  2  3  4  5  6  7  8 |
---------------+-------------------------+-----
Spellcasting   | 3 5 6 7 8 10 | 10.4
Stealth        | 5 6 7 |  7.4
Hexes          | 4 5 7 |  7.6
Dodging        | 4 |  4.8
Short Blades   | 2 |  2.5
Ice Magic      | |  0.2

Action                   |  1- 3 |  4- 6 |  7- 9 || total
-------------------------+-------+-------+-------++-------
Melee: Dagger            |    91 |   160 |   168 ||   419
 Cast: Corona            |    16 |     7 |    15 ||    38
       Ensorcelled Hiber |     7 |    20 |    41 ||    68
       Confuse           |       |     3 |    14 ||    17
       Tukima's Dance    |       |       |     8 ||     8
       Dazzling Spray    |       |       |     4 ||     4
  Use: Scroll            |       |       |     6 ||     6
       Potion            |       |       |     5 ||     5
 Stab: Sleeping          |    18 |    22 |    32 ||    72
       Distracted        |     1 |       |       ||     1
       Confused          |       |     8 |     6 ||    14
       Invisible         |       |       |     1 ||     1
  Eat: Pizza             |       |       |     3 ||     3
